 Dungeon Crawl Stone Soup version 0.18-a0-596-g6468885 (webtiles) character file.

609 4thArraOfDagon the Caller (level 7, -2/57 HPs)
             Began as a Naga Summoner on Dec 3, 2015.
             Was an Initiate of Pakellas.
             Slain by a quokka (3 damage)
             ... on level 7 of the Dungeon.
             The game lasted 00:13:20 (1698 turns).

4thArraOfDagon the Caller (Naga Summoner)           Turns: 1698, Time: 00:13:20

Health: -2/57      AC:  3    Str: 11    XL:     7   Next: 43%
Magic:  1/12       EV: 10    Int: 17    God:    Pakellas [......]
Gold:   145        SH:  0    Dex: 11    Spells: 3 memorised, 5 levels left

rFire  . . .     SeeInvis +     h - +0 hand axe (freeze)
rCold  . . .     Clarity  .     a - +0 robe
rNeg   . . .     SustAt   .     (no shield)
rPois  +         Gourm    .     (no helmet)
rElec  .         Spirit   .     (no cloak)
rCorr  .         Dismiss  .     (no gloves)
rMut   .         Stasis   .     (no barding)
MR     .....                    (no amulet)
Stlth  ++........               (no ring)
                                d - ring of wizardry

@: very slow, not resistant to hostile enchantments, unstealthy
A: see invisible, deformed body, poison resistance, slowness 2, slow metabolism
1, spit poison 2, evolution 1, AC +2
a: Spit Poison, Renounce Religion


You were on level 7 of the Dungeon.
You worshipped Pakellas.
Pakellas was noncommittal.
You were not hungry.

You visited 2 branches of the dungeon, and saw 8 of its levels.
You also visited: Sewer.

You collected 145 gold pieces.

Inventory:

Hand Weapons
 h - a +0 hand axe of freezing (weapon)
 m - a +1 spear
Missiles
 i - 31 stones (quivered)
Armour
 a - a +0 robe (worn)
Jewellery
 d - a ring of wizardry (left hand)
Scrolls
 e - a scroll of identify
Books
 b - a book of Callings

   Spells                             Type                      Level
   a - Summon Small Mammal            Summoning                    1
   b - Call Imp                       Summoning                    2
   c - Call Canine Familiar           Summoning                    3
   d - Summon Guardian Golem          Hexes/Summoning              3
   e - Summon Lightning Spire         Summoning/Air                4
   f - Summon Ice Beast               Ice/Summoning                4
Comestibles
 c - 2 bread rations
 f - 6 chunks of flesh
 g - 2 meat rations
 j - a royal jelly


   Skills:
 - Level 1.3 Fighting
 - Level 0.2 Polearms
 - Level 1.5 Dodging
 - Level 3.0 Stealth
 - Level 0.2 Unarmed Combat
 + Level 3.6 Spellcasting
 * Level 7.2 Summonings
 - Level 2.0 Ice Magic
 + Level 1.4 Evocations


You had 5 spell levels left.
You knew the following spells:

 Your Spells              Type           Power        Failure   Level  Hunger
a - Summon Small Mammal   Summ           ####         1%          1    None
b - Call Canine Familiar  Summ           ####....     1%          3    ###....
c - Summon Ice Beast      Ice/Summ       ###.....     10%         4    ####...


Dungeon Overview and Level Annotations

Branches:
Dungeon (7/15)             Temple (1/1) D:7

Altars:
Cheibriados
Elyvilon
Gozag
Makhleb
Nemelex Xobeh
Okawaru
Pakellas
Ru
Trog
Zin
The Shining One

Annotations:
D:5 Pikel
D:7 1 runed door


Innate Abilities, Weirdness & Mutations

You cannot wear boots.
Your serpentine skin is tough (AC +2).
You have supernaturally acute eyesight.
Armour fits poorly on your strangely shaped body.
Your system is resistant to poisons.
You cover ground very slowly.
You have a slow metabolism.
You can spit poison.
You evolve.


Message History

Your hound closely misses the crimson imp.
The crimson imp misses your hound.
Your hound bites the crimson imp but does no damage.
The crimson imp hits your hound.
Your hound bites the crimson imp. x2
The crimson imp closely misses your hound.
Your hound bites the crimson imp but does no damage.
The crimson imp closely misses your hound.
You barely miss the quokka. Your hound misses the crimson imp.
The quokka bites you.
* * * LOW HITPOINT WARNING * * *
Your hound barely misses the crimson imp.
The crimson imp completely misses your hound.
The quokka bites you.
* * * LOW HITPOINT WARNING * * *
Unknown command.
Your hound completely misses the crimson imp.
The crimson imp blinks!
Your hound closely misses the quokka.
The quokka bites you.
You die...

#(()).#...#.#
##)#)#)###.#.#####.#....
.'.#>#.'..................
.#.###.#.....#####.#.._...
.#.....#..................
o###'###..............<.).
.................§........
..................h.......
................@r........
##........................
#....................####
#...............5.......#
#..........[.......#.##.#
#..........#########.# .
#..........# .
#..........# .
#..........# .≈


You could see a crimson imp, a quokka and a friendly hound.

Vanquished Creatures
  An ogre (D:4)
  A big kobold (D:7)
  A hound (D:6)
  An iguana (D:5)
  An orc wizard (D:7)
  An adder (D:5)
  A river rat (D:5)
  2 giant geckos
  An orc (D:7)
  A ball python (D:5)
  A giant cockroach (D:1)
  2 goblins (D:1)
  3 hobgoblins
  A jackal (D:4)
  2 bats
  2 giant newts
  3 kobolds
  A quokka zombie (D:5)
  4 rats
30 creatures vanquished.

Vanquished Creatures (collateral kills)
  A slave (D:6)
  A black bear (D:6)
  2 ogres
  2 giant frogs
  A scorpion (D:6)
  A hound (D:5)
  A jelly (D:6)
  2 orc wizards (D:7)
  2 worker ants (D:7)
  A hound zombie (D:5)
  An adder zombie (D:5)
  3 worms
  3 orcs (D:7)
  A ball python (D:5)
  A giant cockroach (D:5)
  5 kobolds
  A rat (D:1)
29 creatures vanquished.

Grand Total: 59 creatures vanquished

Notes
Turn   | Place    | Note
--------------------------------------------------------------
     0 | D:1      | 4thArraOfDagon the Naga Summoner began the quest for the Orb.
     0 | D:1      | Reached XP level 1. HP: 15/15 MP: 3/3
    70 | D:1      | Reached XP level 2. HP: 22/22 MP: 5/5
   423 | D:5      | Entered Level 5 of the Dungeon
   423 | D:5      | Noticed an ogre
   444 | D:4      | Noticed an ogre
   469 | D:4      | Killed an ogre
   469 | D:4      | Reached skill level 5 in Summonings
   469 | D:4      | Reached XP level 3. HP: 12/30 MP: 2/6
   469 | D:4      | Reached XP level 4. HP: 14/37 MP: 2/7
   474 | D:4      | Learned a level 3 spell: Call Canine Familiar
   541 | D:5      | Found a sacrificial altar of Ru.
   549 | D:5      | Noticed a slave
   549 | D:5      | Noticed a slave
   557 | D:5      | Noticed a slave
   583 | D:4      | Noticed an ogre
   652 | D:5      | Noticed an ice beast
   658 | D:5      | Noticed a centaur
   672 | D:5      | Reached skill level 1 in Fighting
   672 | D:5      | Reached XP level 5. HP: 5/44 MP: 5/8
   692 | D:5      | Learned a level 4 spell: Summon Ice Beast
   849 | D:5      | Found a glowing drain.
   875 | Sewer    | Entered a sewer
   888 | D:5      | Reached skill level 6 in Summonings
  1010 | D:5      | Noticed an ice beast
  1052 | D:5      | Noticed an ogre
  1061 | D:5      | Killed an ogre
  1061 | D:5      | Reached skill level 1 in Ice Magic
  1061 | D:5      | Reached XP level 6. HP: 51/51 MP: 2/10
  1083 | D:5      | Noticed Pikel
  1134 | D:6      | Gained mutation: You evolve. [potion of mutation]
  1134 | D:6      | Gained mutation: You occasionally shout uncontrollably at your foes. [potion of mutation]
  1134 | D:6      | Lost mutation: You occasionally shout uncontrollably at your foes. [potion of mutation]
  1194 | D:6      | HP: 2/51 [black bear (7)]
  1336 | D:7      | Found a bloodstained altar of Trog.
  1375 | D:7      | Found a runed door.
  1396 | D:7      | Found a staircase to the Ecumenical Temple.
  1401 | Temple   | Entered the Ecumenical Temple
  1474 | Temple   | Became a worshipper of Pakellas the Inventive
  1575 | D:7      | Reached XP level 7. HP: 46/57 MP: 6/11
  1597 | D:7      | Reached skill level 1 in Evocations
  1599 | D:7      | Reached skill level 7 in Summonings
  1671 | D:7      | Found a sparkling altar of Nemelex Xobeh.
  1697 | D:7      | HP: 2/57 [quokka (5)]
  1698 | D:7      | Slain by a quokka

Vault maps used:
D:1:      dpeg_arrival_windows_large_door, glass_columns_a
D:2:      led_sif_pool, vehumet_crystals, lemuel_coloured_pillars_altar,
          first_bread, uniq_robin
D:3:      overflow_temple_1_default
D:5:      kennysheep_little_box, portal_sewer_entry_a, uniq_pikel
D:6:      overflow_temple_1_default, kiku_gazebo_pond_becter
D:7:      lemuel_insect_pit, nicolae_overflow_crystal_walls, kennysheep_mini,
          overflow_temple_1_default, minmay_temple_entry_glassed_door,
          serial_bayou, serial_bayou_pond_d, serial_bayou_shore_b,
          serial_bayou_lagoon_b, serial_bayou_pond_e, uniq_joseph
Temple:   minmay_temple_curvy_8
Sewer:    sewer_kobolds

Action                   |  1- 3 |  4- 6 |  7- 9 || total
-------------------------+-------+-------+-------++-------
Melee: Unarmed           |    15 |       |       ||    15
       Club              |    13 |       |       ||    13
       Spear             |     8 |    60 |    25 ||    93
       Hand axe          |       |       |     4 ||     4
 Cast: Summon Small Mamm |    12 |     6 |       ||    18
       Call Canine Famil |       |    13 |     1 ||    14
       Summon Ice Beast  |       |     4 |     1 ||     5
 Abil: Spit Poison       |    20 |    18 |     4 ||    42
  Use: Scroll            |     4 |     4 |       ||     8
       Potion            |     1 |     2 |     1 ||     4
 Stab: Sleeping          |     3 |       |       ||     3
       Distracted        |       |     1 |       ||     1
  Eat: Chunk             |       |     7 |       ||     7
